 Dungeon Crawl Stone Soup version 0.29-a0-298-g3c90f9a769 (webtiles) character file.

Game seed: 15328871011706343943

952 Dabor the Magician (level 7, -5/36 HPs)
             Began as a Deep Elf Venom Mage on Mar 23, 2022.
             Was an Initiate of Qazlal.
             Slain by an ice beast (12 damage)
             ... on level 5 of the Dungeon.
             The game lasted 00:08:34 (4005 turns).

Dabor the Magician (Deep Elf Venom Mage)            Turns: 4005, Time: 00:08:34

Health: -5/36      AC:  6    Str:  9    XL:     7   Next: 90%
Magic:  23/27      EV: 17    Int: 22    God:    Qazlal [......]
Gold:   84         SH:  0    Dex: 10    Spells: 5/18 levels left

rFire   + + .      SeeInvis .   n - staff of fire
rCold   . . .      Faith    .   (no shield)
rNeg    . . .      Spirit   .   a - +0 robe
rPois   .          Reflect  .   (no helmet)
rElec   .          Harm     .   (no cloak)
rCorr   .          Rampage  .   h - +3 pair of gloves of Action {rF+ Str+4 Dex-5}
Will    .....                   (no boots)
Stlth   ++........              f - amulet of magic regeneration
HPRegen 0.12/turn               p - ring of magical power
MPRegen 0.60/turn               m - +4 ring of evasion

@: about to teleport, attractive
A: no striking features
a: Renounce Religion


You were on level 5 of the Dungeon.
You worshipped Qazlal.
Qazlal was noncommittal.
You visited 2 branches of the dungeon, and saw 6 of its levels.

You collected 201 gold pieces.
You spent 117 gold pieces at shops.

Inventory:

Armour
 a - a +0 robe (worn)
 h - the +3 pair of gloves of Action (worn) {rF+ Str+4 Dex-5}
   (You found it on level 2 of the Dungeon)

   Str:       It affects your strength (+4).
   Dex:       It affects your dexterity (-5).
   rF:        It protects you from fire.
Magical Staves
 n - a staff of fire (weapon)
Jewellery
 c - a ring of flight
 f - an amulet of magic regeneration (around neck)
 m - a +4 ring of evasion (right hand)
 p - a ring of magical power (left hand)
Scrolls
 d - 3 scrolls of teleportation
 i - 2 scrolls of identify
 o - 3 scrolls of magic mapping
 q - 2 scrolls of holy word
 r - a scroll of fog
Potions
 b - 2 potions of brilliance {unknown}
 e - 2 potions of haste {unknown}
 g - 2 potions of attraction
 j - a potion of degeneration {unknown}
 k - 3 potions of heal wounds {unknown}
 l - a potion of magic
 s - a potion of flight {unknown}
 t - a potion of lignification {unknown}


   Skills:
 + Level 5.4 Dodging
 - Level 3.5 Stealth
 + Level 6.2 Spellcasting
 * Level 0.1 Hexes
 - Level 4.0 Transmutations
 + Level 3.6 Fire Magic
 + Level 5.5 Poison Magic


You had 5 spell levels left.
You knew the following spells:

 Your Spells              Type           Power      Damage    Failure   Level
a - Sting                 Tmut/Pois      100%       1d8       1%          1
b - Poisonous Vapours     Pois/Air       38%        N/A       4%          2
c - Olgreb's Toxic Radia  Pois           31%        N/A       9%          4
d - Ignite Poison         Fire/Tmut/Pois 39%        N/A       4%          3
e - Tukima's Dance        Hex            7%         N/A       26%         3

Your spell library contained the following spells:

 Spells                   Type           Power      Damage    Failure   Level
 Mephitic Cloud           Conj/Pois/Air  15%        N/A       13%         3
 Gell's Gravitas          Tloc           6%         N/A       26%         3
 Lesser Beckoning         Tloc           6%         N/A       26%         3
 Teleport Other           Tloc           6%         N/A       26%         3
 Anguish                  Hex/Necr       3%         N/A       65%         4
 Freezing Cloud           Conj/Ice/Air   3%         6-21      94%         5
 Enfeeble                 Hex            3%         N/A       100%        7


Dungeon Overview and Level Annotations

Branches:
Dungeon (5/15)             Temple (1/1) D:5

Altars:
Ashenzari
Cheibriados
Dithmenos
Elyvilon
Fedhas
Gozag
Hepliaklqana
Kikubaaqudgha
Makhleb
Nemelex Xobeh
Okawaru
Qazlal
Ru
Sif Muna
Trog
Uskayaw
Vehumet
Wu Jian
Xom
Yredelemnul
Zin
The Shining One

Shops:
D:2 (   D:4 ?


Message History

There is a stormy altar of Qazlal here.
You kneel at the altar of Qazlal.
Qazlal welcomes you!
Qazlal grants you and your divine allies immunity to clouds.
(D) Dungeon (T) Temple
Where to? (Enter - Temple @ (x,y), ? - help)
There is a staircase back to the Dungeon here.
You climb upwards.
Welcome back to the Dungeon!
The adder closely misses you. The adder barely misses you.
There is a staircase to the Ecumenical Temple here.
There are monsters nearby!
Casting: Sting (safe; 1% risk of failure)
Confirm with . or Enter, or press ? or * to list all spells.
The spell is quite dangerous to miscast (9% risk of failure)!
Continue anyway?
You begin to radiate toxic energy.
The adder is poisoned.
The adder barely misses you.
The sting hits the adder.
The adder looks even sicker.
The adder is moderately wounded.
The adder looks even sicker.
Your toxic aura wanes.
The adder bites you but does no damage. The adder misses you.
The sting hits the adder!
The adder looks as sick as possible!
You kill the adder!
Qazlal accepts your kill. The ice beast hits you. The ice beast freezes you!
The sting hits the ice beast.
The ice beast is poisoned.
The ice beast is lightly wounded.
The ice beast hits you. The ice beast freezes you!
* * * LOW HITPOINT WARNING * * *
You are too injured to fight recklessly!
You are too injured to fight recklessly!
Okay, then.
As you read the scroll of teleportation, it crumbles to dust.
You feel strangely unstable. The ice beast misses you.
It was a potion of attraction.
You feel attractive to monsters. The ice beast hits you.
* * * LOW HITPOINT WARNING * * *
The ice beast freezes you!
You die...

#. #. #.########
#........##
####..8.8.8..#
..<....⌠†⌠...#######
......8.@.8........#
.......⌠Y⌠..######.#
###..[8.8.8.# #.#
#....)....# #.#
#.........#.# #.#
#.....#.#.#.# #.#
......#.....# ##.##
......###^###
##...## ......
#.######.....#


You could see an ice beast (poisoned).

Vanquished Creatures
  3 yaks (D:4)
  An ogre (D:5)
  A necrophage (D:4)
  A scorpion (D:5)
  A jelly (D:4)
  2 hounds
  3 iguanas (D:4)
  6 adders
  A worm (D:2)
  A dart slug (D:1)
  3 orcs (D:4)
  11 endoplasms
  5 giant cockroaches
  5 hobgoblins
  7 kobolds
  A quokka (D:1)
  5 ball pythons
  8 bats
  4 frilled lizards (D:1)
  8 goblins
  5 rats
82 creatures vanquished.

Vanquished Creatures (others)
  2 plants (D:3)
2 creatures vanquished.

Grand Total: 84 creatures vanquished

Notes
Turn   | Place    | Note
-------+----------+-------------------------------------------
     0 | D:1      | Dabor the Deep Elf Venom Mage began the quest for the Orb.
     0 | D:1      | Reached XP level 1. HP: 10/10 MP: 6/6
   385 | D:1      | Reached XP level 2. HP: 15/15 MP: 6/8
   924 | D:1      | Reached XP level 3. HP: 19/19 MP: 6/9
  1111 | D:2      | Identified the +3 pair of gloves of Action {rF+ Str+4
                  | Dex-5}
  1699 | D:2      | Reached XP level 4. HP: 20/24 MP: 8/11
  2018 | D:2      | Found Ekoel's Weapon Emporium.
  2028 | D:2      | Reached skill level 4 in Spellcasting
  2307 | D:3      | Found an opulent altar of Gozag.
  2483 | D:3      | Learned a level 2 spell: Poisonous Vapours
  2488 | D:3      | Learned a level 4 spell: Olgreb's Toxic Radiance
  2492 | D:3      | Learned a level 3 spell: Ignite Poison
  2560 | D:3      | Found a faded altar of an unknown god.
  2631 | D:3      | Prayed at the altar of an unknown god.
  2631 | D:3      | Became a worshipper of Uskayaw the Reveller
  2631 | D:3      | Reached * piety under Uskayaw
  2632 | D:3      | Fell from the grace of Uskayaw
  2898 | D:4      | Reached XP level 5. HP: 28/28 MP: 2/13
  2947 | D:4      | Noticed a yak
  2947 | D:4      | Noticed a yak
  2965 | D:4      | Found Cergh's Magic Scroll Boutique.
  2973 | D:4      | Bought a scroll of identify for 26 gold pieces
  2973 | D:4      | Bought a scroll of fog for 26 gold pieces
  2973 | D:4      | Bought a scroll of identify for 26 gold pieces
  2973 | D:4      | Bought a scroll of teleportation for 39 gold pieces
  3039 | D:4      | Noticed a yak
  3042 | D:4      | Killed a yak
  3042 | D:4      | Killed a yak
  3043 | D:4      | Reached skill level 5 in Spellcasting
  3043 | D:4      | Reached XP level 6. HP: 32/32 MP: 3/15
  3048 | D:4      | Killed a yak
  3049 | D:4      | Reached skill level 5 in Poison Magic
  3049 | D:4      | Reached XP level 7. HP: 35/36 MP: 2/17
  3305 | D:4      | Reached skill level 5 in Dodging
  3476 | D:5      | Entered Level 5 of the Dungeon
  3524 | D:5      | Found a staircase to the Ecumenical Temple.
  3536 | D:5      | Reached skill level 6 in Spellcasting
  3546 | Temple   | Entered the Ecumenical Temple
  3675 | Temple   | Learned a level 3 spell: Tukima's Dance
  3993 | Temple   | Became a worshipper of Qazlal Stormbringer
  4005 | D:5      | Slain by an ice beast

Illustrated notes

Levels and vault maps discovered:
D:1:      shiori_arrival_oz, layout_rooms, minmay_tromino_i4
D:2:      layout_loops_ring, serial_shops, nicolae_shop_crystal,
          minmay_misc_feat_enclosed, minmay_split_cup_small
D:3:      layout_loops_ring, nicolae_gozag_cash_rules_everything_around_me,
          shapermc_ecumenical_altar_gd
D:4:      layout_rooms, serial_shops, nicolae_shop_crystal
D:5:      layout_loops_ring, minmay_temple_entry_statues_fountains,
          patterned_corridor, uniq_blork_the_orc
Temple:   compressed_dpeg_triangle_lava_temple

Skill      XL: |  1  2  3  4  5  6  7 |
---------------+----------------------+-----
Stealth        | 3 |  3.5
Dodging        | 3 4 5 |  5.4
Transmutations | 2 3 4 |  4.0
Spellcasting   | 4 5 6 |  6.2
Poison Magic   | 4 5 |  5.5
Fire Magic     | 2 3 |  3.6
Hexes          | |  0.1

Action                   |  1- 3 |  4- 6 |  7- 9 || total
-------------------------+-------+-------+-------++-------
Melee: Unarmed           |     7 |       |       ||     7
       Staff             |       |    15 |     2 ||    17
 Cast: Sting             |   102 |    29 |    68 ||   199
       Olgreb's Toxic Ra |       |     5 |     2 ||     7
       Ignite Poison     |       |     1 |       ||     1
       Poisonous Vapours |       |       |     3 ||     3
Invok: Renounce Religion |       |     1 |       ||     1
  Use: Potion            |     1 |       |     1 ||     2
       Scroll            |       |       |     5 ||     5
Armor: Robe              |    13 |     3 |    11 ||    27
Dodge: Dodged            |    29 |    12 |    29 ||    70

Table legend: (Time is in decaauts)
 A = Elapsed time spent in this place.
 B = Non-inter-level travel time spent in this place.
 C = Inter-level travel time spent in this place.
 D = Time resting spent in this place.
 E = Time spent auto-exploring this place.
 F = Levels seen in this place.
 G = Mean time per level.
                   A        B        C        D        E       F      G
               +--------+--------+--------+--------+--------+-----+--------+
         Total |   4006 |   3870 |    136 |    397 |   2838 |   6 |  667.7 |
       Dungeon |   3553 |   3449 |    104 |    275 |   2567 |   5 |  710.6 |
        Temple |    452 |    420 |     32 |    122 |    271 |   1 |  452.0 |
               +--------+--------+--------+--------+--------+-----+--------+

Top non-repeatable levels by time:
     D:2: 1152 daAuts
     D:1: 1040 daAuts
     D:3: 702 daAuts
     D:4: 583 daAuts
  Temple: 452 daAuts
     D:5: 75 daAuts
